 Dungeon Crawl Stone Soup version 0.29.1-15-g9cfb28693d (webtiles) character file.

Game seed: 10520086809432953534

164 javelincjr the Magician (level 5, -4/35 HPs)
             Began as a Djinni Conjurer on Feb 21, 2023.
             Slain by an iguana (11 damage)
             ... on level 4 of the Dungeon.
             The game lasted 00:12:00 (3699 turns).

javelincjr the Magician (Djinni Conjurer)           Turns: 3699, Time: 00:12:00

Health: -4/35      AC:  3    Str:  8    XL:     5   Next: 73%
Gold:   143        EV: 13    Int: 20    God:
                   SH:  0    Dex: 11

rFire   + + .      SeeInvis .   o - +3 flail
rCold   x . .      Faith    .   (no shield)
rNeg    . . .      Spirit   .   a - +0 robe
rPois   ∞          Reflect  .   (no helmet)
rElec   .          Harm     .   (no cloak)
rCorr   .          Rampage  .   j - +0 pair of gloves
Will    .....                   (boots unavailable)
Stlth   ++........              (no amulet)
HPRegen 0.11/turn               (no ring)
MPRegen 0.00/turn               (no ring)

@: flying, very slightly contaminated
A: sickness immunity, fire resistance 2, cold vulnerability 1, float, innate
caster, HP casting, extra vitality 1
a: no special abilities


You were on level 4 of the Dungeon.
You visited 1 branch of the dungeon, and saw 4 of its levels.

You collected 143 gold pieces.

Inventory:

Hand Weapons
 d - a +0 short sword
 o - a +3 flail (weapon)
Missiles
 n - 2 boomerangs of dispersal
Armour
 a - a +0 robe (worn)
 j - a +0 pair of gloves (worn)
Scrolls
 b - 2 scrolls of identify
 c - a scroll of teleportation
 e - a scroll of blinking
 i - a scroll of enchant weapon
Potions
 f - 3 potions of degeneration {unknown}
 g - 4 potions of flight {unknown}
 h - a potion of heal wounds {unknown}
 k - a potion of lignification {unknown}
 l - a potion of haste {unknown}
 m - 2 potions of brilliance {unknown}
 p - 2 potions of ambrosia {unknown}


   Skills:
 + Level 3.8 Dodging
 + Level 3.0 Stealth
 + Level 4.0 Spellcasting


You couldn't memorise any spells.
You knew the following spells:

 Your Spells              Type           Power      Damage    Failure   Level
a - Magic Dart            Conj           80%        1d7       2%          1
b - Searing Ray           Conj           40%        2d5       3%          2
c - Dazzling Flash        Conj/Hex       40%        N/A       8%          3
d - Fulminant Prism       Conj/Hex       10%        3d9       24%         4
e - Iskenderun's Mystic   Conj/Tloc      20%        2d6       24%         4
f - Beastly Appendage     Tmut           40%        N/A       2%          1
g - Call Imp              Summ           20%        N/A       3%          2
Your spell library was empty.

Dungeon Overview and Level Annotations

Branches:
Dungeon (4/15)
 Temple: D:4-7

Altars:
Dithmenos
Trog


Innate Abilities, Weirdness & Mutations

You are immune to sickness and miasma.
You are immune to poison.
Your flesh is very heat resistant. (rF++)
You are vulnerable to cold. (rC-)
You float through the air rather than walking.
You learn spells naturally, not from books.
Your magical power is your life essence.
You have superior vitality. (+4 MHP)


Message History

You finish channelling your searing ray.
Found 15 gold pieces.
Casting: Searing Ray (safe; 3% risk of failure)
Confirm with . or Enter, or press ? or * to list all spells.
Aiming: Searing Ray (safe; 3% risk of failure)
Press: ? - help, Shift-Dir - straight line, f - goblin
Aim: a goblin, wielding a +2 dagger of speed (72% to hit)
The searing ray misses the jackal.
The searing ray hits the goblin.
The goblin is heavily wounded. (Press . to maintain the ray.)
The jackal barely misses you.
The searing ray misses the jackal.
The searing ray hits the goblin.
You kill the goblin!
The searing ray hits the iguana.
The iguana is moderately wounded.
The jackal completely misses you. The jackal bites you.
The searing ray hits the jackal!
You kill the jackal!
The searing ray misses the iguana.
* * * LOW HITPOINT WARNING * * *
Unknown command.
The searing ray hits the iguana.
The iguana is heavily wounded.
The searing ray hits the orc.
The orc is heavily wounded.
* * * LOW HITPOINT WARNING * * *
You finish channelling your searing ray.
Casting: Searing Ray (safe; 3% risk of failure)
Confirm with . or Enter, or press ? or * to list all spells.
Aiming: Searing Ray (safe; 3% risk of failure)
Press: ? - help, Shift-Dir - straight line, f - orc
Aim: an orc, wielding a +0 short sword and wearing a +0 ring mail (heavily wounded, 81% to hit)
The searing ray hits the iguana.
The iguana is severely wounded.
The searing ray hits the orc.
The orc is severely wounded. (Press . to maintain the ray.)
* * * LOW HITPOINT WARNING * * *
The iguana bites you!
You die...

#####
.$..
.#.#
..##
...
#.#
##.#
##.@#
#.l##
#o##
###<#
#.†.#
#.###
#. ..
...


You could see an iguana and an orc.

Vanquished Creatures
  A hound (D:4)
  An orc priest (D:3)
  2 adders
  5 dart slugs
  3 worms (D:2)
  7 orcs (D:3)
  5 bats
  3 endoplasms
  3 giant cockroaches
  2 goblins
  5 hobgoblins
  9 jackals
  A quokka (D:1)
  3 ball pythons (D:3)
  4 frilled lizards
  4 kobolds
  5 rats
63 creatures vanquished.

Notes
Turn   | Place    | Note
-------+----------+-------------------------------------------
     0 | D:1      | javelincjr the Djinni Conjurer began the quest for the Orb.
     0 | D:1      | javelincjr set off with the following spells memorised:
                  | Magic Dart, Searing Ray, Dazzling Flash, Fulminant Prism,
                  | Iskenderun's Mystic Blast.
     0 | D:1      | Reached XP level 1. HP: 15/15 MP: 0/0
   300 | D:1      | Reached XP level 2. HP: 19/21 MP: 0/0
   914 | D:1      | Reached XP level 3. HP: 19/25 MP: 0/0
   914 | D:1      | Learned a level 1 spell: Beastly Appendage
  1514 | D:2      | Reached XP level 4. HP: 15/31 MP: 0/0
  2839 | D:3      | Found a shadowy altar of Dithmenos.
  2908 | D:3      | Found a bloodstained altar of Trog.
  3200 | D:3      | Found a faded altar of an unknown god.
  3422 | D:3      | Reached XP level 5. HP: 30/35 MP: 0/0
  3422 | D:3      | Learned a level 2 spell: Call Imp
  3693 | D:4      | Reached skill level 4 in Spellcasting
  3699 | D:4      | Slain by an iguana

Illustrated notes

Levels and vault maps discovered:
D:1:      minmay_arrival_radiant_lines, layout_basic
D:2:      layout_loops_corners, minmay_indecisive_spiral
D:3:      minmay_general_purpose_star, layout_basic,
          mainiacjoe_overflow_cross_hatched, nicolae_dithmenos_shadow_blocks,
          hellmonk_ecumenical_altar_defaced_shrine
D:4:      layout_rooms, gup_sewer_entry_glass, kennysheep_cross_room,
          kennysheep_small_spiral, kennysheep_generic_room_14,
          uniq_crazy_yiuf_cottage, uniq_ijyb, uniq_eustachio

Skill      XL: |  1  2  3  4  5 |
---------------+----------------+-----
Stealth        | 2 3 |  3.0
Dodging        | 3 |  3.8
Spellcasting   | 4 |  4.0

Action                   |  1- 3 |  4- 6 || total
-------------------------+-------+-------++-------
Melee: Unarmed           |     1 |       ||     1
       Short sword       |     2 |       ||     2
       Flail             |       |     3 ||     3
 Cast: Magic Dart        |    59 |    55 ||   114
       Searing Ray       |     5 |     5 ||    10
       Iskenderun's Myst |       |     4 ||     4
  Use: Scroll            |       |     3 ||     3
Armor: Robe              |       |     1 ||     1
Dodge: Dodged            |     6 |     9 ||    15
